 Dungeon Crawl Stone Soup version 0.18.1-48-g4cf74bf (webtiles) character file.

410 KrisztiCat the Digger (level 6, -8/32 HPs)
             Began as a Gargoyle Earth Elementalist on July 2, 2016.
             Mangled by a mummy (10 damage)
             ... in an ossuary.
             The game lasted 00:18:12 (2365 turns).

KrisztiCat the Digger (Gargoyle Earth Elementalist) Turns: 2365, Time: 00:18:13

Health: -8/32      AC:  6    Str: 11    XL:     6   Next: 89%
Magic:  2/14       EV: 12    Int: 18    God:
Gold:   176        SH:  0    Dex: 10    Spells: 2 memorised, 11 levels left

rFire  + . .     SeeInvis .     k - +1 whip
rCold  . . .     Gourm    .     a - +0 robe
rNeg   + . .     Faith    .     (no shield)
rPois  ∞         Spirit   .     (no helmet)
rElec  +         Dismiss  .     (no cloak)
rCorr  .         Reflect  .     (no gloves)
SustAt .         Harm     .     (no boots)
MR     .....                    (no amulet)
Stlth  ++........               (no ring)
                                l - ring of protection from fire

@: not resistant to hostile enchantments, unstealthy
A: negative energy resistance 1, electricity resistance, unbreathing,
petrification resistance, rot immunity, AC +4
a: no special abilities


You were in an ossuary.
You were not hungry.

You visited 1 branch of the dungeon, and saw 4 of its levels.
You also visited: Ossuary.

You collected 176 gold pieces.

Inventory:

Hand Weapons
 k - a +1 whip (weapon)
Missiles
 b - 58 stones (quivered)
Armour
 a - a +0 robe (worn)
Jewellery
 l - a ring of protection from fire (left hand)
Scrolls
 n - 2 scrolls of fog
 u - 3 scrolls of recharging
Potions
 f - 2 potions of brilliance
 h - a potion of lignification {unknown}
 o - a potion of cancellation
 p - a potion of haste
 q - a potion of magic
 t - a potion of flight {unknown}
Books
 c - a book of Geomancy

   Spells                             Type                      Level
   a - Sandblast                      Earth                        1
   b - Passwall                       Transmutation/Earth          2
   c - Stone Arrow                    Conjuration/Earth            3
   d - Petrify                        Transmutation/Earth          4
   e - Lee's Rapid Deconstruction     Earth                        5
Comestibles
 d - 3 bread rations
 g - 5 chunks of flesh
 j - 3 beef jerkies
 m - a slice of pizza
 r - a meat ration


   Skills:
 + Level 0.0 Fighting
 + Level 0.0 Maces & Flails
 + Level 0.2 Armour
 + Level 1.6 Dodging
 - Level 2.1 Stealth
 * Level 5.3 Spellcasting
 + Level 0.0 Conjurations
   Level 0.7 Transmutations
 + Level 6.0 Earth Magic


You had 11 spell levels left.
You knew the following spells:

 Your Spells              Type           Power        Failure   Level  Hunger
a - Sandblast             Erth           ####..       1%          1    None
b - Stone Arrow           Conj/Erth      ###...       14%         3    ##.....


Dungeon Overview and Level Annotations

Branches:
Dungeon (4/15)
 Temple: D:4-7

Altars:
Cheibriados
Dithmenos


Innate Abilities, Weirdness & Mutations

You are resistant to torment.
Your stone body is resilient (AC +4).
You are immune to poison.
You resist negative energy.
You are resistant to electric shocks.
You can survive without breathing.
You are immune to petrification.
You are immune to rotting.


Message History

The mummy barely misses you. The mummy hits you.
You hit the hobgoblin zombie. The mummy misses you.
The hobgoblin zombie hits you but does no damage.
You barely miss the hobgoblin zombie. The mummy hits you.
* * * LOW HITPOINT WARNING * * *
The hobgoblin zombie closely misses you.
The mummy barely misses you.
Read which item? (? for menu, Esc to quit)
As you read the scroll labeled JOBERU ZO GOB, it crumbles to dust.
It is a scroll of enchant weapon.
Enchant which weapon? (? for menu, Esc to quit)
Your +0 whip glows red for a moment.
The mummy hits you.
* * * LOW HITPOINT WARNING * * *
Read which item? (? for menu, Esc to quit)
As you read the scroll labeled YCAISA VILIDE, it crumbles to dust.
The creatures around you are filled with an inner flame!
It was a scroll of immolation.
The mummy hits you.
* * * LOW HITPOINT WARNING * * *
The mummy hits you!
You die...

#....#
#....#
#....#
#....#
#....#
#....#
#..ZZ#
#..MM#
#.M@M#
######


You could see 4 mummies, a hobgoblin zombie (inner flame) and a gnoll zombie
(inner flame).

Vanquished Creatures
  An ogre (D:4)
  A giant frog (D:4)
  A scorpion (D:4)
  An elf skeleton (D:4)
  A hound (D:4)
  Ijyb (D:2)
  5 adders
  5 worms
  2 dart slugs
  A giant gecko (D:2)
  An orc (D:4)
  2 giant cockroaches
  2 gnoll zombies (Ossuary)
  6 goblins
  6 hobgoblins
  5 quokkas
  2 bats
  2 giant newts
  6 kobolds
  4 kobold zombies (Ossuary)
  An orc skeleton (D:4)
  9 rats
65 creatures vanquished.

Notes
Turn   | Place    | Note
--------------------------------------------------------------
     0 | D:1      | KrisztiCat the Gargoyle Earth Elementalist began the quest for the Orb.
     0 | D:1      | Reached XP level 1. HP: 10/10 MP: 3/3
   226 | D:1      | Reached XP level 2. HP: 11/15 MP: 5/5
   368 | D:2      | Found a shadowy altar of Dithmenos.
   804 | D:2      | Reached skill level 4 in Earth Magic
   804 | D:2      | Reached XP level 3. HP: 7/19 MP: 1/7
   805 | D:2      | Noticed Ijyb
  1010 | D:2      | Killed Ijyb
  1081 | D:3      | Reached XP level 4. HP: 16/24 MP: 6/9
  1096 | D:2      | Learned a level 3 spell: Stone Arrow
  1675 | D:3      | Found a snail-covered altar of Cheibriados.
  1720 | D:3      | Reached XP level 5. HP: 17/28 MP: 0/10
  1798 | D:4      | Noticed a slave
  1799 | D:4      | Noticed a slave
  1871 | D:3      | Reached skill level 5 in Earth Magic
  2256 | D:4      | Noticed an ogre
  2261 | D:4      | Killed an ogre
  2261 | D:4      | Reached XP level 6. HP: 32/32 MP: 7/13
  2294 | D:4      | Reached skill level 5 in Spellcasting
  2315 | D:4      | Found a sand-covered staircase.
  2319 | D:4      | Reached skill level 6 in Earth Magic
  2323 | Ossuary  | Entered an ossuary
  2365 | Ossuary  | Mangled by a mummy

Skill      XL: |  1  2  3  4  5  6 |
---------------+-------------------+-----
Earth Magic    | 4 5 6 |  6.0
Spellcasting   | 3 4 5 |  5.3
Armour         | |  0.2
Dodging        | |  1.6
Stealth        | |  2.1
Transmutations | |  0.7

Action                   |  1- 3 |  4- 6 || total
-------------------------+-------+-------++-------
Melee: Dagger            |     8 |       ||     8
       Whip              |    31 |    57 ||    88
 Cast: Sandblast         |    27 |    89 ||   116
  Use: Scroll            |       |    12 ||    12
       Potion            |       |     3 ||     3
 Stab: Sleeping          |     2 |       ||     2
  Eat: Chunk             |     1 |     3 ||     4
       Pizza             |       |     1 ||     1
Armor: Robe              |    13 |    25 ||    38
Dodge: Dodged            |    29 |    74 ||   103
